 Dungeon Crawl Stone Soup version 0.16.1-4-g8e1b745 (webtiles) character file.

5458 roverover the Frost Mage (level 10, -4/84 HPs)
             Began as a Naga Ice Elementalist on Mar 27, 2015.
             Was an Elder of Nemelex Xobeh.
             Slain by an orc warrior
             ... wielding a +0 flail
              (15 damage)
             ... on level 8 of the Dungeon.
             The game lasted 01:04:57 (12764 turns).

roverover the Frost Mage (Naga Ice Elementalist)   Turns: 12764, Time: 01:04:58

Health: -4/84      AC: 20    Str: 10    XL:     10   Next: 68%
Magic:  2/16       EV: 13    Int: 19    God:    Nemelex Xobeh [****..]
Gold:   173        SH:  0    Dex: 12    Spells: 4 memorised, 1 level left

rFire  + + .     SeeInvis +     a - +0 flail (protect)
rCold  . . .     Clarity  +     M - +0 robe
rNeg   . . .     SustAb   .     (no shield)
rPois  +         Gourm    .     (no helmet)
rElec  .         Spirit   .     n - +0 cloak
rCorr  .         Warding  .     r - +2 pair of gloves
rMut   .         Stasis   .     (no barding)
MR     +....                    (no amulet)
Stlth  +++.......               l - ring of protection from fire
                                (no ring)

@: icy armour, very slow, somewhat resistant to hostile enchantments, fairly
stealthy
A: spit poison, stinger 1, see invisible, clarity, deformed body, fire
resistance 1, mutation resistance 1, poison resistance, shaggy fur 1, slowness
2, AC +3
a: Spit Poison, Triple Draw, Deal Four, Renounce Religion


You were on level 8 of the Dungeon.
You worshipped Nemelex Xobeh.
Nemelex Xobeh was greatly pleased with you.
You were hungry.

You visited 2 branches of the dungeon, and saw 10 of its levels.

You collected 405 gold pieces.
You spent 232 gold pieces at shops.

Inventory:

Hand weapons
 a - a +0 flail of protection (weapon)
 e - a +0 whip
 y - a +2 dagger of draining
 T - a +0 blowgun
Missiles
 d - 334 stones (quivered)
 p - 21 poisoned needles
Armour
 n - a +0 cloak (worn)
 r - a +2 pair of gloves (worn)
 M - a +0 robe (worn)
Magical staves
 t - an uncursed staff of earth
 S - an uncursed staff of air
Jewellery
 i - an uncursed ring of teleportation
 j - an uncursed ring of flight {unknown}
 k - a +4 ring of strength
 l - a ring of protection from fire (right hand)
Magical devices
 s - a wand of random effects (0)
 v - a wand of random effects (0)
 w - a wand of frost (0)
 z - a wand of paralysis (9)
Scrolls
 f - 6 scrolls of teleportation
 x - a scroll of magic mapping
 C - a scroll of blinking
 F - a scroll of enchant armour
 J - 3 scrolls of remove curse
 N - 3 scrolls of identify
Potions
 g - 2 potions of invisibility
 m - a potion of might {unknown}
 o - 2 potions of restore abilities
 u - 4 potions of haste
 D - a potion of beneficial mutation {unknown}
 E - a potion of flight
 H - 2 potions of brilliance {unknown}
 I - 2 potions of curing
 K - a potion of agility
 O - 2 potions of magic
Books
 b - a book of Frost

   Spells                             Type                      Level
   a - Freeze                         Ice                          1
   b - Throw Frost                    Conjuration/Ice              2
   c - Ozocubu's Armour               Charms/Ice                   3
   d - Throw Icicle                   Conjuration/Ice              4
   e - Summon Ice Beast               Ice/Summoning                4
   f - Condensation Shield            Ice                          4
 P - a book of the Warp

   Spells                             Type                      Level
   a - Recall                         Summoning/Translocation      3
   b - Control Teleport               Charms/Translocation         4
   c - Force Lance                    Conjuration/Translocation    4
   d - Phase Shift                    Translocation                5
   e - Warp Weapon                    Charms/Translocation         5
   f - Gell's Gravitas                Hexes/Translocation          5
   g - Summon Forest                  Summoning/Translocation      5
Miscellaneous
 h - a plain deck of war {drawn: 3}
 B - an ornate deck of war
 G - a legendary deck of escape
 L - a plain deck of destruction {drawn: 2}
 R - a plain deck of war
Comestibles
 A - 6 meat rations


   Skills:
 + Level 3.1 Fighting
 + Level 6.8 Dodging
 - Level 5.0 Stealth
 - Level 2.0 Spellcasting
 - Level 7.1 Conjurations
 - Level 6.4 Summonings
 - Level 9.0 Ice Magic


You had one spell level left.
You knew the following spells:

 Your Spells              Type           Power        Failure   Level  Hunger
a - Ozocubu's Armour      Chrm/Ice       ###.....     10%         3    ###....
b - Throw Icicle          Conj/Ice       ####....     8%          4    #####..
c - Summon Ice Beast      Ice/Summ       ####....     10%         4    #####..
d - Freeze                Ice            ####         1%          1    #......


Dungeon Overview and Level Annotations

Branches:
Dungeon (9/15)             Temple (1/1) D:7
   Lair: D:8-11         Orc: D:9-12

Altars:
Ashenzari
Cheibriados
Dithmenos
Elyvilon
Fedhas
Gozag
Kikubaaqudgha
Makhleb
Nemelex Xobeh
Okawaru
Qazlal
Ru
Sif Muna
Trog
Vehumet
Xom
Yredelemnul
Zin
The Shining One

Shops:
D:6 !


Innate Abilities, Weirdness & Mutations

You cannot wear boots.
You can spit poison.
Your serpentine skin is tough (AC +3).
You have supernaturally acute eyesight.
Armour fits poorly on your strangely shaped body.
Your system is resistant to poisons.
You cover ground very slowly.
Your tail ends in a poisonous barb.
You possess an exceptional clarity of mind.
Your flesh is heat resistant.
You are somewhat resistant to further mutation.
You are covered in fur (AC +1).


Message History

The orc warrior is heavily wounded.
The orc warrior barely misses you. The orc misses you.
The orc closely misses you.
You hit the orc warrior.
The orc warrior is severely wounded.
The orc warrior hits you with a flail!
* * * LOW HITPOINT WARNING * * *
The orc completely misses you. The orc warrior hits you with a flail.
* * * LOW HITPOINT WARNING * * *
Evoke which item? (* to show all) (? for menu, Esc to quit)
Zapping:
z - a wand of paralysis (will waste charges)
Press: ? - help, Shift-Dir - straight line, f/p - orc warrior
Aim: an orc warrior, wielding a flail and wearing a plate armour (severely wounded, chance 46%)
The orc warrior resists with some effort.
Evoking this partially-identified wand wasted a few charges.
The orc hits you but does no damage.
Evoke which item? (* to show all) (? for menu, Esc to quit)
You draw a card...
It is the Pentagram.
The orc warrior hits you with a flail!
You die...
Your body glows slightly and disappears.

#..(#.... ####..##...
##.##.(##'## #...........
#........... #...........
#######################.##..##..#
#....#...#.#..#.##4#..#'##..##..#
..............oo@..#.........'...
.......(........h..#.........#...
...................'.........#...
#..###..###.)#####'##.####..###.#
######..###..####..##.####..###.#
#.....(............#..........
#..................'..........
##...###..####.##..####..###..
##...###+#####'##..#####'###..


You could see an orc warrior, an orc, a friendly rust devil and a friendly hell
hound.

Vanquished Creatures
  A trapdoor spider zombie (D:9)
  A deep elf mage (D:9)
  2 yaks (D:9)
  Eustachio (D:5)
  Edmund (D:5)
  Menkaure (D:5)
  An orc warrior (D:7)
  An ice beast (D:7)
  A sky beast (D:8)
  2 black bears
  6 ogres
  A centaur (D:8)
  A phantom (D:5)
  Sigmund (D:3)
  2 big kobolds
  A killer bee (D:8)
  2 goliath beetles
  3 crimson imps
  3 hounds
  3 giant frog skeletons
  A jelly (D:7)
  A giant frog zombie (D:9)
  3 orc priests
  5 worker ants
  An iguana (D:4)
  9 orc wizards
  Natasha (D:3)
  A hound skeleton (D:4)
  2 hound zombies
  4 gnolls
  11 adders
  2 shadow imps
  A giant mite (D:5)
  4 worms
  An adder skeleton (D:6)
  An ooze (D:4)
  26 orcs
  A bat skeleton (D:7)
  15 goblins
  16 hobgoblins
  17 kobolds
  2 quokkas (D:5)
  2 ball pythons
  9 bats
  4 giant cockroaches
  4 giant geckos
  A giant gecko skeleton (D:5)
  3 giant newts
  A giant spore (D:8)
  14 jackals
  14 rats
  A ballistomycete (D:8)
213 creatures vanquished.

Vanquished Creatures (collateral kills)
  A gargoyle (D:6)
  4 slime creatures (D:9)
  A raven (D:9)
  5 yaks (D:9)
  A hippogriff (D:8)
  An orc warrior (D:7)
  A phantom (D:7)
  3 ice beasts
  A giant frog (D:8)
  4 killer bees (D:8)
  A wasp zombie (D:6)
  An iguana (D:9)
  An orc wizard (D:7)
  4 gnolls (D:7)
  A goblin (D:5)
  4 jackals (D:7)
  4 kobolds
  A quokka (D:7)
  2 ballistomycetes (D:8)
41 creatures vanquished.

Vanquished Creatures (others)
  A dancing weapon (D:9)
  A hell hound (D:9)
  7 ice beasts
9 creatures vanquished.

Grand Total: 263 creatures vanquished

Notes
Turn   | Place    | Note
--------------------------------------------------------------
     0 | D:1      | roverover, the Naga Ice Elementalist, began the quest for the Orb.
     0 | D:1      | Reached XP level 1. HP: 15/15 MP: 3/3
    93 | D:1      | Reached XP level 2. HP: 14/22 MP: 2/4
   325 | D:1      | Found a sparkling altar of Nemelex Xobeh.
   364 | D:1      | Became a worshipper of Nemelex Xobeh the Trickster
   491 | D:1      | Reached skill level 4 in Stealth
   593 | D:1      | Received a gift from Nemelex Xobeh
   681 | D:2      | Reached XP level 3. HP: 28/28 MP: 6/6
   937 | D:2      | Found a blossoming altar of Fedhas.
   954 | D:2      | Reached skill level 5 in Stealth
  1086 | D:2      | Reached XP level 4. HP: 33/36 MP: 3/7
  1462 | D:3      | Found a snail-covered altar of Cheibriados.
  1535 | D:3      | Learned a level 4 spell: Throw Icicle
  1854 | D:3      | Reached XP level 5. HP: 17/42 MP: 2/9
  1935 | D:3      | Noticed Sigmund
  2040 | D:3      | Killed Sigmund
  2128 | D:3      | Reached XP level 6. HP: 49/49 MP: 10/10
  2190 | D:3      | Noticed Natasha
  2197 | D:3      | Killed Natasha
  2989 | D:4      | Reached skill level 5 in Ice Magic
  3126 | D:4      | Reached skill level 5 in Conjurations
  3126 | D:4      | Reached XP level 7. HP: 55/55 MP: 0/12
  3534 | D:4      | Found a glowing golden altar of the Shining One.
  4047 | D:5      | Entered Level 5 of the Dungeon
  4079 | D:5      | Noticed Eustachio
  4088 | D:5      | Reached skill level 6 in Ice Magic
  4112 | D:5      | Killed Eustachio
  4112 | D:5      | Reached XP level 8. HP: 54/62 MP: 0/13
  4207 | D:5      | Noticed Menkaure
  4213 | D:5      | Killed Menkaure
  4812 | D:5      | Noticed Edmund
  4827 | D:5      | Killed Edmund
  4827 | D:5      | Reached skill level 7 in Ice Magic
  5129 | D:6      | Received a gift from Nemelex Xobeh
  5317 | D:6      | Learned a level 4 spell: Summon Ice Beast
  5342 | D:6      | Reached skill level 1 in Summonings
  5789 | D:6      | Noticed a gargoyle
  5801 | D:6      | Killed a gargoyle
  5801 | D:6      | Reached skill level 8 in Ice Magic
  5801 | D:6      | Reached XP level 9. HP: 12/68 MP: 0/14
  6429 | D:6      | Found Thrim's Distillery.
  6441 | D:6      | Bought a potion of mutation for 37 gold pieces
  6441 | D:6      | Bought a potion of haste for 150 gold pieces
  6441 | D:6      | Bought a potion of flight for 45 gold pieces
  6441 | D:6      | Gained mutation: You possess an exceptional clarity of mind. [potion of mutation]
  6441 | D:6      | Gained mutation: You are covered in fur (AC +1). [potion of mutation]
  6961 | D:6      | Received a gift from Nemelex Xobeh
  7795 | D:7      | Received a gift from Nemelex Xobeh
  7836 | D:7      | Found a staircase to the Ecumenical Temple.
  8065 | D:7      | Acquired Nemelex Xobeh's first power
  8179 | D:7      | Reached skill level 9 in Ice Magic
  8466 | Temple   | Entered the Ecumenical Temple
  8663 | D:7      | Reached skill level 5 in Summonings
  9687 | D:8      | Found a glowing silver altar of Zin.
  9693 | D:8      | Received a gift from Nemelex Xobeh
  9989 | D:8      | Reached XP level 10. HP: 43/75 MP: 3/16
 10448 | D:8      | Found a basalt altar of Yredelemnul.
 10533 | D:8      | Gained mutation: Your tail ends in a poisonous barb. [potion of mutation]
 10533 | D:8      | Gained mutation: You are somewhat resistant to further mutation. [potion of mutation]
 10533 | D:8      | Gained mutation: Your flesh is heat resistant. [potion of mutation]
 10637 | D:8      | Acquired Nemelex Xobeh's second power
 10644 | D:8      | Received a gift from Nemelex Xobeh
 10797 | D:9      | Reached skill level 5 in Dodging
 11832 | D:9      | Learned a level 3 spell: Ozocubu's Armour
 11968 | D:9      | Reached skill level 1 in Fighting
 12764 | D:8      | Slain by an orc warrior

Action                   |  1- 3 |  4- 6 |  7- 9 | 10-12 || total
-------------------------+-------+-------+-------+-------++-------
Melee: Whip              |    26 |    13 |       |       ||    39
       Dagger            |       |    42 |   394 |       ||   436
       Flail             |       |       |    18 |   169 ||   187
Throw: Stone             |       |     5 |    24 |    12 ||    41
 Cast: Freeze            |    20 |    46 |    53 |     1 ||   120
       Throw Icicle      |       |     3 |    74 |    30 ||   107
       Summon Ice Beast  |       |       |    18 |    12 ||    30
       Ozocubu's Armour  |       |       |       |     6 ||     6
 Abil: Spit Poison       |    37 |    36 |    58 |     8 ||   139
       Evoke Teleportati |       |       |     1 |       ||     1
Evoke: Wand              |       |     2 |    20 |     1 ||    23
       Deck              |       |       |     6 |    11 ||    17
  Use: Scroll            |     1 |     8 |     8 |     2 ||    19
       Potion            |       |     1 |     4 |     1 ||     6
 Stab: Sleeping          |     1 |     1 |    10 |     3 ||    15
       Distracted        |       |       |     2 |       ||     2
  Eat: Chunk             |     3 |     9 |    23 |     9 ||    44
       Pizza             |       |       |     2 |       ||     2
       Beef jerky        |       |       |     2 |       ||     2
       Fruit             |       |       |     5 |       ||     5
       Bread ration      |       |       |     4 |     2 ||     6
